 Dungeon Crawl Stone Soup version 0.31.0-9-g3a7656b989 (console) character file.

Game seed: 2236668948850717401

7191 AlterAsc the Grappler (level 11, 0/106 HPs)
             Began as an Octopode Shapeshifter on Jan 25, 2024.
             Was an Initiate of Gozag.
             Slain by a komodo dragon (17 damage)
             ... on level 11 of the Dungeon.
             The game lasted 00:39:35 (9784 turns).

AlterAsc the Grappler (Octopode Shapeshifter)       Turns: 9784, Time: 00:39:36

Health: 0/106      AC: 29    Str: 24    XL:     11   Next: 11%
Magic:  11/11      EV:  2    Int: 11    God:    Gozag
Gold:   384        SH:  9    Dex:  9    Spells: 10/10 levels left

rFire   . .          .
                       - Unarmed
rCold   + + .        h - +1 buckler "Joxkuorgh" {rElec rN+ Int-4 Slay+2}
rNeg    + . .        (helmet currently unavailable)
rPois   +            t - amulet of reflection
rElec   +            o - ring of willpower
rCorr   +            y - +6 ring of strength
SInv    .            i - ring "Jed Omet" {Fly rC++ rCorr Int+2 Dex-2}
Will    +....        T - +4 ring of protection
Stlth   +            (no ring)
HPRegen 0.37/turn    (no ring)
MPRegen 0.12/turn    (no ring)
                     (no ring)

%: reflection
@: tree-form, gold aura, studying Spellcasting
A: stationary, stasis, torment immunity, boosted hp, almost no armour,
(amphibious), 8 rings, (camouflage 1), (gelatinous body 1), (nimble swimmer 1),
(tentacles)
a: Renounce Religion, Potion Petition, Call Merchant, Bribe Branch


You were on level 11 of the Dungeon.
You worshipped Gozag.
Gozag was aware of your devotion.
You were a tree.
You visited 2 branches of the dungeon, and saw 12 of its levels.

You collected 1560 gold pieces.
You spent 450 gold pieces at shops.
You paid 726 gold pieces to Gozag.

Inventory:

Hand Weapons
 N - a +0 trident
Missiles
 e - 5 javelins
 p - 2 datura-tipped darts
 r - 9 boomerangs
 E - 36 stones (quivered)
 F - 3 poisoned darts
Armour
 h - the +1 buckler "Joxkuorgh" (worn) {rElec rN+ Int-4 Slay+2}
   (You acquired it on level 8 of the Dungeon)

   Int-4:     It affects your intelligence (-4).
   Slay+2:    It affects your accuracy & damage with ranged weapons and melee
   (+2).
   rElec:     It insulates you from electricity.
   rN+:       It protects you from negative energy.
Jewellery
 a - a ring of wizardry
 i - the ring "Jed Omet" (on tentacle) {Fly rC++ rCorr Int+2 Dex-2}
   (You acquired it on level 8 of the Dungeon)

   [ring of resist corrosion]

   Int+2:     It affects your intelligence (+2).
   Dex-2:     It affects your dexterity (-2).
   rC++:      It greatly protects you from cold.
   Fly:       It grants you flight.
   rCorr:     It protects you from acid and corrosion.
 o - a ring of willpower (left branch)
 t - an amulet of reflection (around neck)
 y - a +6 ring of strength (right branch)
 L - a ring of ice
 Q - an amulet of regeneration
 R - a ring of wizardry
 T - a +4 ring of protection (on tentacle)
Talismans
 b - a beast talisman
 c - a flux talisman
 K - a serpent talisman (active)
Wands
 s - a wand of flame (12)
 x - a wand of roots (5)
 C - a wand of polymorph (15)
 I - a wand of mindburst (5)
Scrolls
 d - 3 scrolls of enchant weapon
 f - 5 scrolls of revelation
 j - 2 scrolls of noise
 m - a scroll of amnesia
 n - a scroll of torment
 q - a scroll of immolation {unknown}
 w - 3 scrolls of fog
 G - a scroll of vulnerability {unknown}
 H - a scroll of blinking {unknown}
 P - a scroll of fear {unknown}
Potions
 g - a potion of mutation {unknown}
 k - a potion of resistance {unknown}
 l - 2 potions of curing
 u - 5 potions of enlightenment
 v - a potion of attraction {unknown}
 z - 2 potions of cancellation
 A - a potion of berserk rage {unknown}
 B - a potion of brilliance {unknown}
 D - 5 potions of might {unknown}
 J - 2 potions of lignification
 M - a potion of degeneration {unknown}
 O - a potion of magic {unknown}
 S - a potion of ambrosia {unknown}


   Skills:
 - Level 5.0 Fighting
 - Level 4.2 Dodging
 + Level 11.1 Unarmed Combat
 * Level 10.9 Shapeshifting


You had 10 spell levels left.
You didn't know any spells.
Your spell library contained the following spells:

 Spells                   Type           Power      Damage    Failure   Level
 Sting                    Conj/Alch      0%         1d3       41%         1
 Summon Small Mammal      Summ           0%         N/A       41%         1
 Blink                    Tloc           0%         N/A       54%         2
 Lesser Beckoning         Tloc           0%         N/A       54%         2
 Mercury Vapours          Alch/Air       0%         N/A       54%         2
 Momentum Strike          Conj/Tloc      0%         3d8       54%         2
 Call Canine Familiar     Summ           0%         N/A       78%         3
 Olgreb's Toxic Radiance  Alch           0%         N/A       99%         4
 Summon Blazeheart Golem  Fire/Summ      0%         N/A       99%         4


Dungeon Overview and Level Annotations

Branches:
Dungeon (11/15)            Temple (1/1) D:6
   Lair: D:8-11         Orc: D:9-12

Altars:
Ashenzari
Cheibriados
Dithmenos
Elyvilon
Fedhas
Gozag
Hepliaklqana
Kikubaaqudgha
Makhleb
Nemelex Xobeh
Okawaru
Qazlal
Ru
Sif Muna
Trog
Uskayaw
Vehumet
Wu Jian
Xom
Yredelemnul
Zin
The Shining One

Shops:
D:3 (   D:7 :   D:9 *=   D:10 :

Annotations:
D:6 exclusion: 2 two-headed ogres
D:7 exclusion: two-headed ogre
D:8 Jeremiah
D:10 Nergalle


Innate Abilities, Weirdness & Mutations

You are a tree.
Your roots penetrate the ground, keeping you stationary.
You cannot be teleported.
You are immune to unholy pain and torment.
Your maximum health is greatly increased.
You cannot wear most types of armour.
((You are amphibious.))
You can wear up to eight rings at the same time.
((Your skin changes colour to match your surroundings (Stealth+).))
((Your rubbery body absorbs attacks. (AC +1, EV +1)))
((You are camouflaged when in or above water. (Stealth+)))
((You have tentacles for arms and can constrict up to eight enemies at once.))


Message History

The floor.
You barely miss the faun. Your grab misses the faun.
The faun is lightly wounded.
You closely miss the faun. Your grab misses the faun.
The faun is lightly wounded.
The faun misses you.
You completely miss the faun. Your grab misses the faun.
The faun is lightly wounded.
The faun barely misses you.
You lash the faun! You grab the faun.
The faun is moderately wounded.
You constrict the faun. The faun misses you.
You barely miss the faun.
The faun is moderately wounded.
You constrict the faun. The faun hits you!
You body-slam the faun!!
The faun is severely wounded.
You constrict the faun. The komodo dragon bites you!!
* * * LOW HITPOINT WARNING * * *
Really quaff the potion of lignification?
Your transformation has ended.
The +1 buckler "Joxkuorgh" {rElec rN+ Int-4 Slay+2} unmelds from your body.
You turn into a tree.
Your roots penetrate the ground.
You lose your grip on the faun.
You block the faun's attack.
The komodo dragon bites you but does no damage.
You pummel the faun!!
You kill the faun!
The boulder beetle returns to its original shape as it dies.
You are too injured to fight recklessly!
You barely miss the komodo dragon.
The komodo dragon bites you but does no damage.
You hit the komodo dragon but do no damage.
You punch the komodo dragon!
The komodo dragon is lightly wounded.
The komodo dragon bites you!
* * * LOW HITPOINT WARNING * * *
You smack the komodo dragon!
The komodo dragon is heavily wounded.
The komodo dragon bites you!
You die...
Your body crumbles into a pile of gold.

.....#. .........# .......###
#.......# #........# #.......'
+........# ##.......# #.##.....#
.......... #........# ..........
###########........######........
........................#########
..........l..°.....###...........
..............○#$..###....######.
...............#♣................
°°.............#l................
..............)).................
#################################


You could see a komodo dragon.

Vanquished Creatures
  A two-headed ogre (D:9)
  A faun (D:11)
  A manticore (D:11)
  Joseph (D:7)
  2 unseen horrors (D:11)
  2 trolls
  A hornet (D:10)
  A shadow (D:11)
  A wraith (D:11)
  A wyvern (D:7)
  A basilisk (D:11)
  Menkaure (D:7)
  2 steam dragons
  2 vampire mosquitoes
  3 acid dragons
  A water moccasin (D:7)
  2 orc warriors
  An ice beast (D:7)
  A black bear (D:5)
  4 centaurs
  2 ogres
  A phantom (D:3)
  3 scorpions
  6 wights
  6 killer bees (D:9)
  An electric eel (D:9)
  3 howler monkeys
  3 bombardier beetles
  3 jellies
  3 hounds
  4 orc priests
  3 sleepcaps
  2 iguanas
  8 orc wizards
  6 adders
  3 white imps
  3 dart slugs
  A ribbon worm (D:2)
  28 orcs
  7 ball pythons
  5 bats
  9 endoplasms
  3 giant cockroaches
  11 goblins
  7 hobgoblins
  3 jackals (D:2)
  5 kobolds
  3 quokkas
  3 frilled lizards
  A rat (D:2)
176 creatures vanquished.

Notes
Turn   | Place    | Note
-------+----------+-------------------------------------------
     0 | D:1      | AlterAsc the Octopode Shapeshifter began the quest for the
                  | Orb.
     0 | D:1      | Reached XP level 1. HP: 13/13 MP: 1/1
   130 | D:1      | Reached XP level 2. HP: 18/18 MP: 2/2
   409 | D:1      | Found a faded altar of an unknown god.
   946 | D:2      | Reached skill level 4 in Unarmed Combat
   990 | D:2      | Reached XP level 3. HP: 18/23 MP: 3/3
  1498 | D:3      | Noticed a phantom
  1513 | D:3      | Killed a phantom
  1514 | D:3      | Reached skill level 5 in Unarmed Combat
  1514 | D:3      | Reached XP level 4. HP: 17/28 MP: 4/4
  1514 | D:3      | Reached XP level 5. HP: 20/33 MP: 5/5
  1652 | D:3      | Reached skill level 6 in Unarmed Combat
  1680 | D:3      | Found Jypu's Weapon Emporium.
  2102 | D:4      | Reached XP level 6. HP: 38/38 MP: 6/6
  2197 | D:4      | Reached skill level 7 in Unarmed Combat
  2631 | D:4      | Reached XP level 7. HP: 38/43 MP: 7/7
  2877 | D:5      | Entered Level 5 of the Dungeon
  2959 | D:5      | Reached skill level 8 in Unarmed Combat
  3052 | D:5      | Found an ornate altar of the Wu Jian Council.
  3104 | D:5      | Noticed a troll
  3376 | D:5      | Reached skill level 9 in Unarmed Combat
  3731 | D:6      | Noticed a vampire mosquito
  3731 | D:6      | Noticed a vampire mosquito
  3731 | D:6      | Found a staircase to the Ecumenical Temple.
  3835 | D:6      | Killed a vampire mosquito
  3836 | D:6      | Reached XP level 8. HP: 42/48 MP: 8/8
  4011 | D:6      | Identified 2 scrolls of acquirement
  4047 | D:6      | Noticed a two-headed ogre
  4227 | D:6      | Reached skill level 10 in Unarmed Combat
  4262 | D:6      | Noticed a two-headed ogre
  4291 | Temple   | Entered the Ecumenical Temple
  4304 | Temple   | Became a worshipper of Gozag Ym Sagoz the Greedy
  4323 | D:6      | Noticed a troll
  4426 | D:7      | Found Ubeuf's Book Boutique.
  4454 | D:7      | Identified the +2 leather armour "Jeezacle" {Int+3}
  4679 | D:7      | Found an iron altar of Okawaru.
  4768 | D:7      | Reached skill level 5 in Shapeshifting
  4983 | D:8      | Noticed a yak
  4983 | D:8      | Noticed a yak
  4983 | D:8      | Noticed a yak
  4983 | D:8      | Noticed a yak
  5162 | D:7      | Reached XP level 9. HP: 32/51 MP: 9/9
  5299 | D:7      | Noticed Joseph
  5440 | D:8      | Acquired 471 gold pieces
  5441 | D:8      | Acquired the +1 buckler "Joxkuorgh" {rElec rN+ Int-4
                  | Slay+2}
  5443 | D:8      | Acquired the ring "Jed Omet" {Fly rC++ rCorr Int+2 Dex-2}
  6039 | D:7      | Killed Joseph
  6256 | D:7      | Noticed a two-headed ogre
  6268 | D:7      | Noticed Menkaure
  6273 | D:7      | Killed Menkaure
  6511 | D:7      | Reached skill level 5 in Fighting
  6733 | D:8      | Found a hazy altar of Hepliaklqana.
  6762 | D:8      | Noticed Jeremiah
  6952 | D:9      | Reached XP level 10. HP: 60/66 MP: 10/10
  7249 | D:9      | Noticed a two-headed ogre
  7283 | D:9      | Bought a serpent talisman for 450 gold pieces
  7357 | D:9      | Found Rioff's Assorted Antiques.
  7590 | D:9      | Found a shimmering blue altar of Sif Muna.
  7591 | D:9      | Found a sparkling altar of Nemelex Xobeh.
  7825 | D:9      | Killed a two-headed ogre
  7867 | D:9      | Found a glowing golden altar of the Shining One.
  7869 | D:9      | Found a stormy altar of Qazlal.
  7984 | D:10     | Entered Level 10 of the Dungeon
  8118 | D:10     | Noticed Nergalle
  8306 | D:10     | Found Cunej's Book Shop.
  8831 | D:11     | Noticed a manticore
  8846 | D:11     | Killed a manticore
  9082 | D:11     | Reached skill level 10 in Shapeshifting
  9351 | D:11     | Identified the +0 buckler "Acrivvop" {-Tele rElec rCorr
                  | Str+4}
  9426 | D:11     | Killed an unseen horror
  9550 | D:11     | Killed an unseen horror
  9551 | D:11     | Reached skill level 11 in Unarmed Combat
  9551 | D:11     | Reached XP level 11. HP: 58/71 MP: 11/11
  9759 | D:11     | Noticed a boulder beetle
  9773 | D:11     | a boulder beetle changed into a faun
  9773 | D:11     | Noticed a faun
  9781 | D:11     | Killed a faun
  9784 | D:11     | Slain by a komodo dragon

Illustrated notes

Levels and vault maps discovered:
D:1:      psy_arrival_radial02, layout_basic,
          hellmonk_ecumenical_altar_crossroads
D:2:      layout_rooms, minmay_randomly_rotated_circles
D:3:      layout_rooms, serial_shops, shop, grunt_decor_cap
D:4:      layout_loops_ring
D:5:      layout_basic, mainiacjoe_overflow_brackets, nrook_pool_corridor,
          minivault_5
D:6:      nicolae_cairo_tiling_large, layout_rooms
D:7:      layout_basic, mainiacjoe_overflow_alcove_2, serial_shops,
          nicolae_book_shop_shelving, minmay_three_doors, uniq_joseph,
          uniq_menkaure
D:8:      layout_basic, nicolae_hepliaklqana_hazy_memory,
          hellmonk_guarded_unrand_gyre_and_gimble, uniq_jeremiah
D:9:      layout_long_grid, nicolae_overflow_hidden_temple,
          chequers_serial_rivers_small_a, nicolae_inconvenience_store
D:10:     layout_loops_ring, serial_shops, nicolae_shop_tiny_glass,
          hangedman_decor_riveting, uniq_nergalle
D:11:     layout_stronghold, david_lair_shrubbed, david_orc_4
Temple:   regret_index_temple_waves

Skill      XL: |  1  2  3  4  5  6  7  8  9 10 |
---------------+-------------------------------+-----
Unarmed Combat | 4 5 6 7 9 10 11 | 11.1
Shapeshifting  | 6 7 10 | 10.9
Fighting       | 5 |  5.0
Dodging        | 4 |  4.2

Action                     |  1- 3 |  4- 6 |  7- 9 | 10-12 || total
---------------------------+-------+-------+-------+-------++-------
  Melee: Unarmed           |    75 |    81 |   166 |    96 ||   418
         Constrict         |    18 |    16 |    36 |    15 ||    85
         Tentacles         |    10 |    15 |    41 |     2 ||    68
         Punch             |       |     3 |    11 |     2 ||    16
         Trident           |       |       |       |     7 ||     7
  Throw: Javelin           |     3 |     3 |    10 |       ||    16
         Stone             |       |    10 |    28 |     7 ||    45
         Dart              |       |       |     2 |     1 ||     3
         Boomerang         |       |       |     4 |       ||     4
 Invoke: Call Merchant     |       |       |       |     1 ||     1
  Evoke: Wand              |       |       |       |     5 ||     5
    Use: Scroll            |       |       |    15 |     1 ||    16
         Potion            |       |       |     6 |     3 ||     9
   Stab: Sleeping          |     3 |    11 |     7 |       ||    21
         Distracted        |       |       |       |     1 ||     1
 Armour: Skin              |    31 |    22 |    83 |   109 ||   245
  Dodge: Dodged            |    60 |    42 |    64 |    27 ||   193
  Block: Buckler           |       |     5 |    43 |    10 ||    58
         Reflection        |       |       |     3 |     4 ||     7
         Other             |       |       |       |    10 ||    10
   Form: Serpent           |       |       |       |     1 ||     1
